General information
- name: BNet
- type: Ladder team game (AT/RT)
- host: Battle.net
- saver: ROTS19
map: GoldRush
- players: 8
- length: 26:53
- speed: Fast
- version: 1.26 W3XP
- replay type: Public
» download(194 KB)
Players
team 1 (loser)

»
peeonurface (
yellow | 62 APM | 1659 actions | 26:53)
5 Demon Hunter
2 Immolation
3 Evasion
5 Priestess of the Moon
3 Trueshot Aura
2 Searing Arrows
5 Warden
2 Blink
3 Fan of Knives
» actions
| Assign group hotkey | 28 | |
| Basic commands | 129 | |
| Build / train | 111 | |
| Enter build submenu | 39 | |
| Enter hero's abilities submenu | 16 | |
| Give item / drop item | 1 | |
| Right click | 181 | |
| Select / deselect | 565 | |
| Select group hotkey | 492 | |
| Use ability | 97 | |
1659 total
» units
| Wisp | 40 | |
| Hippogryph | 3 | |
| Chimaera | 6 | |
| Druid of the Claw | 3 | |
| Dryad | 4 | |
| Archer | 3 | |
59 total
» upgrades
| Strength of the Wild | 3 | |
| Well Spring | 1 | |
| Corrosive Breath | 1 | |
| Improved Bows | 1 | |
| Marksmanship | 1 | |
| Reinforced Hides | 3 | |
| Ultravision | 1 | |
| Nature's Blessing | 1 | |
| Moon Armor | 3 | |
| Druid of the Claw Training | 2 | |
| Abolish Magic | 1 | |
| Mark of the Claw | 1 | |
| Strength of the Moon | 2 | |
21 total
» buildings
| Altar of Elders | 1 | |
| Moon Well | 8 | |
| Ancient of Wonders | 1 | |
| Ancient of War | 2 | |
| Tree of Life | 7 | |
| Tree of Ages | 1 | |
| Hunter's Hall | 2 | |
| Tree of Eternity | 1 | |
| Ancient of Wind | 4 | |
| Chimaera Roost | 4 | |
| Ancient of Lore | 3 | |
34 total
» build order
00:07 Altar of Elders
00:12 Moon Well
01:08 Ancient of Wonders
01:20 Ancient of War
01:39 Moon Well
01:44 Moon Well
02:47 Tree of Life
02:54 Moon Well
03:51 Moon Well
04:28 Tree of Life
04:46 Moon Well
05:15 Tree of Ages
05:29 Ancient of War
05:54 Hunter's Hall
06:48 Moon Well
07:18 Hunter's Hall
07:36 Tree of Eternity
07:40 Ancient of Wind
07:45 Ancient of Wind
07:48 Ancient of Wind
07:51 Ancient of Wind
08:30 Moon Well
10:18 Chimaera Roost
10:31 Chimaera Roost
11:10 Chimaera Roost
12:03 Chimaera Roost
18:28 Tree of Life
19:26 Ancient of Lore
19:29 Ancient of Lore
19:32 Ancient of Lore
19:37 Tree of Life
24:37 Tree of Life
24:39 Tree of Life
26:52 Tree of Life
» items
| Lesser Clarity Potion | 2 | |
| Dust of Appearance | 3 | |
| Orb of Venom | 2 | |
| Scroll of Town Portal | 1 | |
| Potion of Healing | 2 | |
10 total

»
lJustWannaPlay (
orange | 41 APM | 658 actions | 16:11)
3 Dark Ranger
2 Black Arrow
1 Silence
» actions
| Assign group hotkey | 19 | |
| Basic commands | 40 | |
| Build / train | 57 | |
| ESC pressed | 1 | |
| Enter build submenu | 15 | |
| Enter hero's abilities submenu | 3 | |
| Remove unit from queue | 9 | |
| Right click | 111 | |
| Select / deselect | 199 | |
| Select group hotkey | 175 | |
| Use ability | 29 | |
658 total
» units
| Acolyte | 17 | |
| Ghoul | 4 | |
| Crypt Fiend | 5 | |
| Frost Wyrm | 2 | |
28 total
» upgrades
| Creature Attack | 3 | |
| Creature Carapace | 2 | |
| Web | 1 | |
| Burrow | 1 | |
7 total
» buildings
| Ziggurat | 9 | |
| Crypt | 2 | |
| Graveyard | 1 | |
| Nerubian Tower | 2 | |
| Altar of Darkness | 1 | |
| Spirit Tower | 5 | |
| Halls of the Dead | 1 | |
| Sacrificial Pit | 1 | |
| Black Citadel | 1 | |
| Tomb of Relics | 1 | |
| Boneyard | 4 | |
28 total
» build order
00:11 Ziggurat
00:33 Crypt
00:34 Crypt
01:00 Ziggurat
01:17 Graveyard
01:26 Nerubian Tower
02:14 Altar of Darkness
03:13 Ziggurat
03:58 Spirit Tower
04:33 Halls of the Dead
04:54 Spirit Tower
05:38 Ziggurat
06:53 Ziggurat
06:55 Ziggurat
08:14 Ziggurat
08:15 Ziggurat
09:04 Spirit Tower
09:12 Nerubian Tower
09:42 Spirit Tower
09:46 Spirit Tower
10:16 Ziggurat
10:23 Sacrificial Pit
10:26 Black Citadel
11:26 Tomb of Relics
13:00 Boneyard
13:01 Boneyard
13:03 Boneyard
13:04 Boneyard

»
ROTS19 (
red | 64 APM | 1726 actions | 26:53)
3 Archmage
1 Blizzard
2 Brilliance Aura
3 Mountain King
2 Storm Bolt
1 Bash
1 Paladin
1 Holy Light
» actions
| Assign group hotkey | 36 | |
| Basic commands | 138 | |
| Build / train | 85 | |
| ESC pressed | 8 | |
| Enter build submenu | 26 | |
| Enter hero's abilities submenu | 7 | |
| Give item / drop item | 4 | |
| Right click | 501 | |
| Select / deselect | 458 | |
| Select group hotkey | 379 | |
| Use ability | 84 | |
1726 total
» units
| Peasant | 14 | |
| Rifleman | 17 | |
| Priest | 3 | |
| Sorceress | 5 | |
| Spell Breaker | 1 | |
40 total
» upgrades
| Masonry | 3 | |
| Long Rifles | 1 | |
| Magic Sentry | 1 | |
| Lumber Harvesting | 2 | |
| Sorceress Training | 2 | |
| Gunpowder | 3 | |
| Armor | 2 | |
| Priest Training | 1 | |
| Control Magic | 1 | |
16 total
» buildings
| Altar of Kings | 2 | |
| Barracks | 1 | |
| Farm | 5 | |
| Blacksmith | 1 | |
| Lumber Mill | 1 | |
| Arcane Vault | 2 | |
| Keep | 1 | |
| Scout Tower | 9 | |
| Arcane Tower | 3 | |
| Arcane Sanctum | 1 | |
| Guard Tower | 7 | |
| Castle | 1 | |
| Town Hall | 2 | |
36 total
» build order
00:07 Altar of Kings
00:14 Barracks
00:51 Farm
01:20 Blacksmith
02:10 Lumber Mill
02:26 Farm
02:29 Farm
02:39 Arcane Vault
02:41 Arcane Vault
03:21 Keep
03:37 Scout Tower
04:20 Scout Tower
04:30 Scout Tower
04:45 Arcane Tower
04:46 Arcane Tower
04:59 Arcane Tower
05:43 Arcane Sanctum
06:42 Scout Tower
06:45 Scout Tower
06:48 Scout Tower
07:28 Guard Tower
09:01 Farm
09:03 Castle
09:05 Farm
09:42 Town Hall
10:02 Scout Tower
11:15 Guard Tower
15:07 Town Hall
15:25 Scout Tower
19:45 Guard Tower
20:54 Scout Tower
23:03 Guard Tower
24:26 Altar of Kings
» items
| Scroll of Regeneration | 2 | |
| Potion of Healing | 4 | |
| Orb of Fire | 1 | |
7 total
Misanthropists (
teal | 41 APM | 1107 actions | 26:53)
1 Blademaster
1 Wind Walk
» actions
| Basic commands | 51 | |
| Build / train | 64 | |
| Enter build submenu | 15 | |
| Enter hero's abilities submenu | 2 | |
| Right click | 736 | |
| Select / deselect | 192 | |
| Use ability | 47 | |
1107 total
» units
| Peon | 13 | |
| Raider | 20 | |
| Troll Batrider | 8 | |
41 total
» upgrades
| Pillage | 1 | |
| Armor | 1 | |
| Melee Weapons | 2 | |
| Spiked Barricades | 1 | |
| Ensnare | 1 | |
| Liquid Fire | 1 | |
7 total
» buildings
| War Mill | 1 | |
| Altar of Storms | 1 | |
| Orc Burrow | 5 | |
| Watch Tower | 3 | |
| Voodoo Lounge | 1 | |
| Stronghold | 1 | |
| Fortress | 2 | |
| Beastiary | 2 | |
| Great Hall | 1 | |
17 total
» build order
00:07 War Mill
00:11 Altar of Storms
00:17 Orc Burrow
01:40 Watch Tower
02:13 Watch Tower
02:38 Voodoo Lounge
03:06 Watch Tower
07:12 Stronghold
07:16 Orc Burrow
07:27 Orc Burrow
07:59 Orc Burrow
08:30 Orc Burrow
09:45 Fortress
09:45 Fortress
09:51 Beastiary
10:00 Beastiary
23:58 Great Hall
» items
| Lesser Clarity Potion | 2 | |
| Healing Salve | 1 | |
| Scroll of Speed | 2 | |
| Potion of Healing | 3 | |
| Potion of Mana | 1 | |
| Scroll of Town Portal | 2 | |
11 total
team 2 (winner)

»
MichaelScott (
blue | 77 APM | 2060 actions | 26:53)
5 Keeper of the Grove
3 Entangling Roots
2 Thorns Aura
4 Priestess of the Moon
2 Searing Arrows
2 Trueshot Aura
2 Blademaster
1 Wind Walk
1 Critical Strike
» actions
| Assign group hotkey | 70 | |
| Basic commands | 48 | |
| Build / train | 182 | |
| ESC pressed | 2 | |
| Enter build submenu | 38 | |
| Enter hero's abilities submenu | 12 | |
| Give item / drop item | 1 | |
| Remove unit from queue | 12 | |
| Right click | 909 | |
| Select / deselect | 570 | |
| Select group hotkey | 67 | |
| Use ability | 149 | |
2060 total
» units
| Wisp | 39 | |
| Archer | 4 | |
| Forest Troll Shadow Priest | 8 | |
| Dryad | 11 | |
| Druid of the Talon | 5 | |
| Huntress | 1 | |
| Chimaera | 7 | |
| Hippogryph | 11 | |
| Troll Batrider | 9 | |
| Peasant | -1 | |
| Druid of the Claw | 2 | |
96 total
» upgrades
| Abolish Magic | 1 | |
| Druid of the Talon Training | 1 | |
| Strength of the Wild | 3 | |
| Ultravision | 1 | |
| Sentinel | 1 | |
| Reinforced Hides | 1 | |
| Druid of the Claw Training | 2 | |
| Corrosive Breath | 1 | |
| Gunpowder | 1 | |
| Masonry | 1 | |
13 total
» buildings
| Altar of Elders | 1 | |
| Moon Well | 7 | |
| Ancient of War | 1 | |
| Hunter's Hall | 1 | |
| Tree of Ages | 3 | |
| Tree of Life | 3 | |
| Ancient of Wind | 2 | |
| Ancient of Lore | 3 | |
| Tree of Eternity | 1 | |
| Ancient of Wonders | 3 | |
| Chimaera Roost | 2 | |
| Blacksmith | 2 | |
| Arcane Vault | 1 | |
| Keep | 4 | |
| Lumber Mill | 1 | |
35 total
» build order
00:12 Altar of Elders
00:19 Moon Well
01:10 Ancient of War
01:34 Moon Well
02:05 Hunter's Hall
03:31 Tree of Ages
03:31 Tree of Ages
03:31 Tree of Ages
04:19 Tree of Life
04:55 Moon Well
05:58 Ancient of Wind
06:02 Ancient of Lore
06:04 Ancient of Lore
06:07 Tree of Eternity
06:44 Ancient of Wonders
07:22 Ancient of Lore
10:19 Chimaera Roost
10:27 Moon Well
12:00 Moon Well
12:05 Ancient of Wonders
13:28 Tree of Life
13:32 Chimaera Roost
15:08 Moon Well
15:40 Ancient of Wind
18:46 Moon Well
18:47 Ancient of Wonders
19:04 Tree of Life
20:41 Blacksmith
20:42 Arcane Vault
23:09 Keep
23:09 Keep
23:11 Blacksmith
23:15 Lumber Mill
» items
| Scroll of Town Portal | 2 | |
| Potion of Mana | 1 | |
| Orb of Venom | 2 | |
| Potion of Healing | 1 | |
6 total
Ragebot (
green | 79 APM | 2136 actions | 26:53)
6 Archmage
3 Summon Water Elemental
2 Brilliance Aura
1 Mass Teleport
5 Mountain King
3 Storm Bolt
2 Thunder Clap
5 Paladin
3 Holy Light
2 Divine Shield
» actions
| Assign group hotkey | 45 | |
| Basic commands | 119 | |
| Build / train | 117 | |
| ESC pressed | 6 | |
| Enter build submenu | 37 | |
| Enter hero's abilities submenu | 16 | |
| Give item / drop item | 11 | |
| Right click | 648 | |
| Select / deselect | 476 | |
| Select group hotkey | 430 | |
| Use ability | 229 | |
2136 total
» units
| Peasant | 17 | |
| Footman | 6 | |
| Troll Batrider | 14 | |
| Dragonhawk Rider | 3 | |
| Spell Breaker | 6 | |
| Gryphon Rider | 1 | |
| Knight | 3 | |
50 total
» upgrades
| Defend | 1 | |
| Lumber Harvesting | 2 | |
| Masonry | 3 | |
| Sorceress Training | 2 | |
| Priest Training | 2 | |
| Plating | 3 | |
| Swords | 2 | |
| Control Magic | 1 | |
| Cloud | 1 | |
| Storm Hammers | 1 | |
| Animal War Training | 1 | |
| Armor | 1 | |
| Gunpowder | 1 | |
21 total
» buildings
| Altar of Kings | 1 | |
| Farm | 10 | |
| Barracks | 2 | |
| Scout Tower | 7 | |
| Arcane Tower | 2 | |
| Town Hall | 3 | |
| Keep | 1 | |
| Arcane Vault | 2 | |
| Lumber Mill | 2 | |
| Castle | 1 | |
| Guard Tower | 6 | |
| Arcane Sanctum | 2 | |
| Blacksmith | 1 | |
| Gryphon Aviary | 4 | |
| Great Hall | 1 | |
45 total
» build order
00:08 Altar of Kings
00:12 Farm
00:39 Barracks
00:48 Farm
01:29 Scout Tower
01:57 Farm
01:59 Arcane Tower
02:35 Farm
03:41 Town Hall
04:15 Keep
04:38 Arcane Vault
05:28 Lumber Mill
05:35 Lumber Mill
05:48 Scout Tower
06:08 Scout Tower
06:17 Scout Tower
06:19 Arcane Tower
06:45 Castle
06:53 Guard Tower
06:57 Farm
07:46 Farm
07:56 Arcane Sanctum
09:16 Farm
09:23 Barracks
09:26 Arcane Sanctum
09:58 Farm
10:34 Blacksmith
10:35 Guard Tower
10:36 Guard Tower
11:50 Scout Tower
12:07 Scout Tower
13:20 Scout Tower
13:22 Farm
13:25 Guard Tower
13:25 Guard Tower
14:27 Arcane Vault
14:38 Gryphon Aviary
14:39 Gryphon Aviary
15:10 Farm
15:11 Guard Tower
15:23 Gryphon Aviary
15:51 Gryphon Aviary
22:11 Town Hall
24:36 Great Hall
26:11 Town Hall
» items
| Scroll of Regeneration | 3 | |
| Potion of Healing | 5 | |
| Potion of Mana | 2 | |
| Lesser Clarity Potion | 2 | |
| Orb of Fire | 1 | |
| Staff of Sanctuary | 1 | |
| Scroll of Town Portal | 2 | |
16 total

»
potatotomato (
purple | 93 APM | 1500 actions | 16:03)
2 Blademaster
1 Wind Walk
1 Critical Strike
» actions
| Assign group hotkey | 4 | |
| Build / train | 30 | |
| Enter build submenu | 15 | |
| Enter hero's abilities submenu | 2 | |
| Right click | 1241 | |
| Select / deselect | 145 | |
| Select group hotkey | 15 | |
| Use ability | 48 | |
1500 total
» units
» upgrades
» buildings
| Orc Burrow | 6 | |
| Altar of Storms | 1 | |
| Voodoo Lounge | 1 | |
| War Mill | 1 | |
| Stronghold | 1 | |
| Watch Tower | 3 | |
| Beastiary | 2 | |
| Fortress | 1 | |
16 total
» build order
00:13 Orc Burrow
00:15 Altar of Storms
00:21 Voodoo Lounge
01:28 Orc Burrow
01:58 Orc Burrow
02:48 War Mill
04:12 Stronghold
04:17 Watch Tower
05:25 Watch Tower
05:59 Orc Burrow
06:56 Beastiary
07:03 Beastiary
07:25 Watch Tower
08:12 Fortress
08:37 Orc Burrow
09:46 Orc Burrow
» items
| Lesser Clarity Potion | 2 | |
| Scroll of Speed | 2 | |
| Healing Salve | 1 | |
| Potion of Healing | 1 | |
| Potion of Mana | 2 | |
8 total
Benji (
pink | 24 APM | 385 actions | 16:09)
3 Archmage
2 Summon Water Elemental
1 Blizzard
» actions
| Assign group hotkey | 10 | |
| Basic commands | 7 | |
| Build / train | 35 | |
| Enter build submenu | 16 | |
| Enter hero's abilities submenu | 3 | |
| Remove unit from queue | 1 | |
| Right click | 108 | |
| Select / deselect | 127 | |
| Select group hotkey | 53 | |
| Use ability | 25 | |
385 total
» units
| Peasant | 9 | |
| Footman | 8 | |
| Gryphon Rider | 4 | |
21 total
» upgrades
| Swords | 2 | |
| Armor | 2 | |
| Lumber Harvesting | 2 | |
| Storm Hammers | 1 | |
7 total
» buildings
| Altar of Kings | 2 | |
| Barracks | 2 | |
| Farm | 5 | |
| Lumber Mill | 1 | |
| Blacksmith | 1 | |
| Keep | 1 | |
| Gryphon Aviary | 1 | |
| Town Hall | 2 | |
| Castle | 1 | |
16 total
» build order
00:07 Altar of Kings
00:13 Barracks
00:17 Farm
01:04 Farm
01:47 Farm
03:13 Lumber Mill
03:21 Blacksmith
03:40 Keep
04:22 Farm
06:09 Gryphon Aviary
06:28 Town Hall
07:35 Farm
08:18 Castle
08:53 Town Hall
15:43 Altar of Kings
15:53 Barracks
Chat log
(00:14 / Allies) lJustWannaPlay: hi
(00:18 / Allies) peeonurface: mass birds
(00:19 / Allies) peeonurface: aa
(03:28 / Allies) Misanthropists: bm heaqds up
(03:34 / Allies) peeonurface: ok
(03:39 / Allies) ROTS19: well that sure sucks
(03:53 / Allies) lJustWannaPlay: callarms
(04:43 / Allies) peeonurface: ill get dust
(06:07 / Allies) Misanthropists: incoming
(06:29 / Allies) lJustWannaPlay: he prob gettn bats so tower up
(06:33 / Allies) ROTS19: yep
(09:54 / Allies) Misanthropists: wood please
(10:26 / Allies) Misanthropists: ill team kill red since i helped him and he wontb help me
(10:34 / Allies) ROTS19: i didn't know you needed help
(10:42 / All) Misanthropists: ill team kill guarenteed
(10:52 / Allies) peeonurface: i have aa
(10:54 / Allies) ROTS19: you never called for help
(11:02 / Allies) peeonurface: back
(11:04 / Allies) Misanthropists: wood me
(11:07 / Allies) ROTS19: i don't have wod
(11:13 / Allies) ROTS19: look at my resources count
(11:37 / Allies) ROTS19: maybe you sohuld put a war mill near the trees you harvest for faster gathering of wood
(11:59 / Allies) Misanthropists: maybe u definotely provoking a team kill
(12:13 / Allies) ROTS19: because I can't generate wood out my ass?
(12:52 / Allies) ROTS19: teal
(12:55 / Allies) ROTS19: you're 2-7
(13:08 / Allies) ROTS19: backstabbing me doesn't make it any more likely that we'll lose
(13:12 / Allies) lJustWannaPlay: he has nothing
(13:12 / Allies) ROTS19: than if you played at your peak
(13:38 / Allies) lJustWannaPlay: idiot
(13:42 / Allies) peeonurface: heal
(13:44 / All) peeonurface: heal
(13:57 / Allies) peeonurface: all meet
(14:29 / Allies) lJustWannaPlay: teal is bsing
(14:34 / Allies) ROTS19: You only noticed this now?
(14:44 / Allies) ROTS19: him saying "I'M KILLING RED" wasn't a big red flag?
(14:52 / All) peeonurface: rape
(15:36 / All) peeonurface: anyone there
(15:43 / All) peeonurface: no one
(15:54 / All) peeonurface: die
(16:02 / Allies) ROTS19: omw yellow
(16:14 / All) peeonurface: lol
(16:16 / All) ROTS19: what the fuck
(16:25 / All) ROTS19: We're winning and he leaves?
(16:35 / All) peeonurface: decause of me
(16:41 / All) peeonurface: we dont need him
(17:12 / Allies) ROTS19: careful yellow
(17:13 / Allies) ROTS19: back out
(17:19 / Allies) peeonurface: i dont care
(17:22 / Allies) ROTS19: it's not over
(17:26 / Allies) ROTS19: just because you killed an enemy base
(17:32 / Allies) ROTS19: we still have teal and the other enemies to deal with
(19:11 / Allies) peeonurface: coming
(20:37 / Allies) ROTS19: deal with this
(20:39 / Allies) peeonurface: yep
(20:40 / Allies) ROTS19: i have to save my own base
(21:46 / Allies) ROTS19: back out
(21:47 / Allies) ROTS19: damnit
(21:49 / Allies) peeonurface: ya
(21:53 / Allies) ROTS19: sorry
(21:55 / Allies) ROTS19: should have alterted me
(22:01 / Allies) ROTS19: i was fighting teal
(22:19 / Allies) ROTS19: say "it's the enemy! i need help!
(22:25 / Allies) ROTS19: something like that
(22:55 / Allies) peeonurface: ill mass bvaers drays
(23:17 / Allies) ROTS19: yeah we shoulda killed teals base much earlier
(23:24 / Allies) ROTS19: the n we might have been able to come out of this
(23:32 / Allies) peeonurface: we will win
(23:37 / Allies) ROTS19: if you say so
(24:49 / Allies) ROTS19: yeah
(24:51 / Allies) ROTS19: this isn't possible anymore
(24:52 / Allies) ROTS19: sorry
(24:56 / Allies) ROTS19: wait
(24:57 / Allies) ROTS19: yellow
(24:58 / Allies) ROTS19: ack off
(24:59 / All) Misanthropists: i just wanted red dad so i win
(25:00 / Allies) ROTS19: dont' engagge
(25:02 / Allies) ROTS19: I retreat
(25:04 / Allies) ROTS19: get the fuck out
(25:07 / Allies) ROTS19: let them kill teal
(25:10 / Allies) ROTS19: ugh
(25:14 / Allies) ROTS19: why would you try to help teal
(25:43 / All) ROTS19: You know the reason teal backstabbed?
(25:50 / All) ROTS19: Because I didn't have enough lumber to give him
(26:00 / All) ROTS19: Having a competent resource structure, pfft that would be a terrible idea
(26:02 / All) ROTS19: I'll just teamkill instead
(26:11 / All) ROTS19: So yes
(26:13 / All) ROTS19: Good job
(26:18 / All) ROTS19: oh yeah?
(26:19 / All) ROTS19: What then.
(26:36 / All) ROTS19: Nothing hujh?
(26:44 / All) ROTS19: Figured as much.
(26:45 / All) ROTS19: Anyway
(26:47 / All) ROTS19: You suck at this game teal
(26:50 / All) ROTS19: and that's all I have to say.